3095 views
Uploaded 2020-02-22 20:34:45
Game version 1.32 / 1.32.1
25:23 long 4on4 ladder game on (8)GolemsInTheMist_LV
Saved by TALONSARIMBA
3095 views
Uploaded 2020-02-22 20:34:45
Game version 1.32 / 1.32.1
25:23 long 4on4 ladder game on (8)GolemsInTheMist_LV


153 units @ 20.3k
/ 2.1k
70 buildings @ 11k
/ 4.9k


| Rod of Necromancy | 1 | 150 |
| Lesser Clarity Potion | 2 | 140 |
| Dust of Appearance | 1 | 75 |
| Scroll of Town Portal | 1 | 350 |
| Scroll of Regeneration | 2 | 200 |
| Mechanical Critter | 2 | 100 |
| total: | 9 | 1015g |
| Acolyte | 8 | 600 | / | 0 |
| Ghoul | 5 | 600 | / | 0 |
| Crypt Fiend | 11 | 2365 | / | 440 |
| Obsidian Statue | 2 | 400 | / | 70 |
| Frost Wyrm | 5 | 1925 | / | 600 |
| total: | 31 | 5890g | / | 1110w |
| Spirit Tower | 4 | 580 | / | 160 |
| Graveyard | 1 | 215 | / | 0 |
| Crypt | 1 | 200 | / | 50 |
| Altar of Darkness | 1 | 180 | / | 50 |
| Ziggurat | 6 | 900 | / | 300 |
| Tomb of Relics | 1 | 130 | / | 30 |
| Necropolis | 2 | 450 | / | 0 |
| Slaughterhouse | 1 | 140 | / | 135 |
| Sacrificial Pit | 1 | 75 | / | 150 |
| Boneyard | 2 | 350 | / | 400 |
| Halls of the Dead | 1 | 320 | / | 210 |
| Black Citadel | 1 | 325 | / | 230 |
| total: | 16 | 2640g | / | 1115w |
| 0:03 | Acolyte |
| 0:08 | Graveyard |
| 0:12 | Crypt |
| 0:18 | Acolyte |
| 0:31 | Altar of Darkness |
| 0:47 | Ziggurat |
| 1:17 | Ghoul |
| 1:33 | Tomb of Relics |
| 1:39 | Crypt Fiend |
| 1:55 | Ziggurat |
| 2:13 | Crypt Fiend |
| 2:37 | Rod of Necromancy |
| 2:38 | Dust of Appearance |
| 2:41 | Death Coil |
| 2:57 | Crypt Fiend |
| 3:36 | Crypt Fiend |
| 4:21 | Crypt Fiend |
| 4:23 | Halls of the Dead |
| 5:27 | Scroll of Regeneration |
| 5:28 | Lesser Clarity Potion |
| 5:37 | Ziggurat |
| 5:38 | Ziggurat |
| 6:42 | Crypt Fiend |
| 7:24 | Crypt Fiend |
| 7:27 | Burrow |
| 7:45 | Unholy Aura |
| 7:58 | Ghoul |
| 7:58 | Ghoul |
| 8:01 | Scroll of Regeneration |
| 8:04 | Lesser Clarity Potion |
| 8:05 | Mechanical Critter |
| 8:05 | Mechanical Critter |
| 8:40 | Frost Nova |
| 8:45 | Black Citadel |
| 10:05 | Slaughterhouse |
| 10:06 | Sacrificial Pit |
| 10:07 | Ghoul |
| 10:09 | Ghoul |
| 10:28 | Death Coil |
| 11:19 | Obsidian Statue |
| 11:20 | Obsidian Statue |
| 11:21 | Boneyard |
| 11:39 | Crypt Fiend |
| 11:40 | Creature Attack |
| 11:48 | Frost Armor |
| 12:09 | Crypt Fiend |
| 12:11 | Acolyte |
| 12:11 | Acolyte |
| 12:37 | Ziggurat |
| 12:39 | Ziggurat |
| 12:50 | Freezing Breath |
| 13:10 | Necropolis |
| 13:16 | Unholy Aura |
| 13:47 | Frost Wyrm |
| 13:50 | Boneyard |
| 14:18 | Frost Wyrm |
| 14:45 | Crypt Fiend |
| 14:48 | Acolyte |
| 15:11 | Acolyte |
| 15:12 | Acolyte |
| 16:00 | Frost Wyrm |
| 16:04 | Frost Nova |
| 16:20 | Scroll of Town Portal |
| 17:15 | Frost Wyrm |
| 18:07 | Crypt Fiend |
| 18:55 | Acolyte |
| 19:33 | Frost Armor |
| 19:52 | Death Coil |
| 20:03 | Frost Wyrm |
| 20:05 | Spirit Tower |
| 20:05 | Spirit Tower |
| 20:20 | Spirit Tower |
| 20:21 | Spirit Tower |
| 22:26 | Necropolis |
| Right click | 1841 |
| Assign group | 1124 |
| Select group | 335 |
| Select | 325 |
| Build/train/purchase | 88 |
| Misc. action | 81 |
| Use ability | 46 |
| Chat | 34 |
| Resource trade | 20 |
| Minimap ping | 7 |
| Remove unit | 2 |
| Esc | 1 |

| Scroll of Town Portal | 1 | 350 |
| total: | 1 | 350g |
| Acolyte | 2 | 150 | / | 0 |
| Ghoul | 17 | 2040 | / | 0 |
| Obsidian Statue | 2 | 400 | / | 70 |
| Necromancer | 9 | 1305 | / | 180 |
| Meat Wagon | 4 | 920 | / | 200 |
| Gargoyle | 6 | 1050 | / | 180 |
| total: | 40 | 5865g | / | 630w |
| Spirit Tower | 3 | 435 | / | 120 |
| Crypt | 4 | 800 | / | 200 |
| Ziggurat | 6 | 900 | / | 300 |
| Altar of Darkness | 1 | 180 | / | 50 |
| Graveyard | 1 | 215 | / | 0 |
| Tomb of Relics | 1 | 130 | / | 30 |
| Slaughterhouse | 1 | 140 | / | 135 |
| Temple of the Damned | 3 | 465 | / | 420 |
| Halls of the Dead | 2 | 640 | / | 420 |
| Black Citadel | 1 | 325 | / | 230 |
| total: | 17 | 2830g | / | 1135w |
| 0:03 | Acolyte |
| 0:03 | Acolyte |
| 0:08 | Crypt |
| 0:15 | Crypt |
| 0:29 | Ziggurat |
| 0:51 | Altar of Darkness |
| 1:11 | Ghoul |
| 1:20 | Ghoul |
| 1:23 | Ghoul |
| 1:37 | Ziggurat |
| 1:48 | Ghoul |
| 2:04 | Ghoul |
| 2:12 | Ghoul |
| 2:33 | Ghoul |
| 2:43 | Ghoul |
| 2:48 | Ghoul |
| 3:00 | Pocket Factory |
| 3:38 | Ziggurat |
| 4:40 | Ghoul |
| 4:40 | Ghoul |
| 4:44 | Graveyard |
| 4:53 | Engineering Upgrade |
| 5:39 | Ghoul |
| 5:56 | Tomb of Relics |
| 6:08 | Halls of the Dead |
| 6:10 | Ghoul |
| 6:35 | Ghoul |
| 6:54 | Ghoul |
| 7:16 | Ghoul |
| 7:58 | Unholy Strength |
| 8:55 | Pocket Factory |
| 9:09 | Black Citadel |
| 9:39 | Slaughterhouse |
| 9:43 | Temple of the Damned |
| 9:45 | Temple of the Damned |
| 9:49 | Ghoul |
| 9:57 | Temple of the Damned |
| 9:58 | Improved Unholy Strength |
| 10:02 | Unholy Armor |
| 10:48 | Obsidian Statue |
| 10:50 | Necromancer Adept Training |
| 10:59 | Skeletal Mastery |
| 11:26 | Necromancer |
| 11:29 | Obsidian Statue |
| 11:35 | Necromancer Master Training |
| 11:52 | Ziggurat |
| 12:06 | Necromancer |
| 12:22 | Necromancer |
| 12:56 | Scroll of Town Portal |
| 13:11 | Necromancer |
| 13:25 | Necromancer |
| 13:40 | Necromancer |
| 13:47 | Exhume Corpses |
| 14:02 | Necromancer |
| 14:25 | Meat Wagon |
| 14:54 | Meat Wagon |
| 15:25 | Spirit Tower |
| 16:09 | Ziggurat |
| 16:10 | Ziggurat |
| 16:27 | Improved Unholy Armor |
| 18:13 | Engineering Upgrade |
| 19:03 | Meat Wagon |
| 19:03 | Meat Wagon |
| 19:04 | Necromancer |
| 19:04 | Necromancer |
| 19:06 | Advanced Unholy Strength |
| 20:17 | Creature Attack |
| 20:17 | Creature Carapace |
| 20:19 | Crypt |
| 20:22 | Crypt |
| 20:25 | Spirit Tower |
| 20:35 | Gargoyle |
| 21:06 | Gargoyle |
| 21:21 | Gargoyle |
| 21:25 | Gargoyle |
| 21:27 | Gargoyle |
| 21:42 | Gargoyle |
| 22:38 | Pocket Factory |
| 23:04 | Spirit Tower |
| Right click | 1248 |
| Select | 483 |
| Build/train/purchase | 105 |
| Misc. action | 29 |
| Use ability | 15 |
| Resource trade | 5 |
| Remove unit | 1 |
| Minimap ping | 1 |

| Lesser Clarity Potion | 2 | 140 |
| Scroll of Regeneration | 1 | 100 |
| Boots of Speed | 1 | 250 |
| Potion of Invisibility | 5 | 500 |
| Potion of Lesser Invulnerability | 1 | 150 |
| Staff of Teleportation | 1 | 150 |
| Ritual Dagger | 1 | 125 |
| Rod of Necromancy | 1 | 150 |
| total: | 13 | 1565g |
| Peasant | 11 | 825 | / | 0 |
| Footman | 19 | 2565 | / | 0 |
| Hippogryph | 3 | 480 | / | 60 |
| Wisp | 1 | 60 | / | 0 |
| Acolyte | 2 | 150 | / | 0 |
| total: | 36 | 4080g | / | 60w |
| Barracks | 2 | 320 | / | 120 |
| Farm | 5 | 400 | / | 100 |
| Altar of Kings | 1 | 180 | / | 50 |
| Arcane Vault | 2 | 260 | / | 60 |
| Arcane Sanctum | 4 | 600 | / | 560 |
| Keep | 1 | 320 | / | 210 |
| Ancient Protector | 3 | 405 | / | 240 |
| total: | 17 | 2165g | / | 1130w |
| 0:02 | Peasant |
| 0:02 | Peasant |
| 0:08 | Peasant |
| 0:22 | Peasant |
| 0:45 | Barracks |
| 0:49 | Farm |
| 0:51 | Peasant |
| 0:57 | Barracks |
| 1:08 | Peasant |
| 1:16 | Altar of Kings |
| 1:35 | Farm |
| 1:37 | Peasant |
| 1:48 | Peasant |
| 1:57 | Footman |
| 2:09 | Footman |
| 2:19 | Footman |
| 2:25 | Pocket Factory |
| 2:34 | Defend |
| 3:09 | Arcane Vault |
| 3:12 | Farm |
| 3:14 | Arcane Vault |
| 3:27 | Footman |
| 3:27 | Footman |
| 3:49 | Farm |
| 3:50 | Footman |
| 4:05 | Footman |
| 4:18 | Footman |
| 4:37 | Footman |
| 4:50 | Engineering Upgrade |
| 5:07 | Footman |
| 5:35 | Footman |
| 6:06 | Peasant |
| 6:56 | Footman |
| 7:31 | Footman |
| 7:47 | Farm |
| 7:51 | Footman |
| 8:34 | Footman |
| 8:37 | Keep |
| 9:06 | Footman |
| 9:27 | Lesser Clarity Potion |
| 9:38 | Lesser Clarity Potion |
| 9:38 | Scroll of Regeneration |
| 9:43 | Footman |
| 10:06 | Footman |
| 10:09 | Pocket Factory |
| 10:31 | Footman |
| 11:22 | Arcane Sanctum |
| 11:24 | Arcane Sanctum |
| 12:00 | Peasant |
| 12:26 | Peasant |
| 12:28 | Arcane Sanctum |
| 12:30 | Arcane Sanctum |
| 14:46 | Boots of Speed |
| 14:47 | Potion of Invisibility |
| 14:47 | Potion of Lesser Invulnerability |
| 14:47 | Staff of Teleportation |
| 17:30 | Potion of Invisibility |
| 17:32 | Engineering Upgrade |
| 19:33 | Potion of Invisibility |
| 19:33 | Potion of Invisibility |
| 21:21 | Ritual Dagger |
| 21:26 | Rod of Necromancy |
| 22:06 | Hippogryph |
| 22:23 | Potion of Invisibility |
| 22:27 | Hippogryph |
| 23:52 | Hippogryph |
| 23:56 | Wisp |
| 24:46 | Ancient Protector |
| 24:46 | Ancient Protector |
| 25:00 | Acolyte |
| 25:00 | Acolyte |
| 25:06 | Ancient Protector |
| Right click | 1334 |
| Select | 467 |
| Build/train/purchase | 92 |
| Misc. action | 30 |
| Use ability | 22 |
| Select group | 21 |
| Resource trade | 17 |
| Assign group | 14 |
| Minimap ping | 7 |
| Remove unit | 3 |
| Esc | 3 |
| Item give/drop | 2 |

| Scroll of Town Portal | 1 | 350 |
| Scroll of Regeneration | 1 | 100 |
| total: | 2 | 450g |
| Wisp | 23 | 1380 | / | 0 |
| Archer | 21 | 2730 | / | 210 |
| Glaive Thrower | 1 | 210 | / | 65 |
| Hippogryph | 1 | 160 | / | 20 |
| total: | 46 | 4480g | / | 295w |
| Ancient Protector | 4 | 540 | / | 320 |
| Altar of Elders | 1 | 180 | / | 50 |
| Moon Well | 6 | 1080 | / | 240 |
| Ancient of War | 4 | 600 | / | 240 |
| Hunter's Hall | 1 | 210 | / | 100 |
| Tree of Life | 1 | 340 | / | 185 |
| Ancient of Wonders | 1 | 90 | / | 30 |
| Ancient of Wind | 1 | 150 | / | 140 |
| Chimaera Roost | 1 | 140 | / | 190 |
| Tree of Ages | 2 | 640 | / | 360 |
| Tree of Eternity | 2 | 660 | / | 400 |
| total: | 20 | 3330g | / | 1495w |
| 0:02 | Wisp |
| 0:06 | Altar of Elders |
| 0:09 | Moon Well |
| 0:10 | Wisp |
| 0:13 | Wisp |
| 0:13 | Wisp |
| 0:35 | Wisp |
| 0:51 | Ancient of War |
| 0:54 | Wisp |
| 1:12 | Wisp |
| 1:25 | Wisp |
| 1:39 | Wisp |
| 1:43 | Moon Well |
| 1:53 | Archer |
| 1:55 | Wisp |
| 2:06 | Entangling Roots |
| 2:09 | Ancient of War |
| 2:38 | Archer |
| 2:38 | Wisp |
| 2:52 | Moon Well |
| 3:32 | Archer |
| 3:35 | Wisp |
| 4:04 | Archer |
| 4:48 | Archer |
| 5:20 | Archer |
| 5:51 | Archer |
| 6:08 | Force of Nature |
| 6:40 | Archer |
| 6:43 | Moon Well |
| 6:44 | Tree of Ages |
| 7:23 | Archer |
| 7:52 | Archer |
| 8:11 | Archer |
| 8:24 | Archer |
| 8:37 | Archer |
| 8:55 | Entangling Roots |
| 9:26 | Scroll of Regeneration |
| 10:03 | Archer |
| 10:37 | Improved Bows |
| 10:39 | Hunter's Hall |
| 10:40 | Tree of Eternity |
| 10:53 | Archer |
| 11:35 | Moon Well |
| 11:36 | Moon Well |
| 12:50 | Ancient Protector |
| 12:51 | Ancient Protector |
| 12:56 | Archer |
| 13:11 | Archer |
| 13:33 | Ancient Protector |
| 13:34 | Ancient Protector |
| 13:37 | Wisp |
| 13:37 | Wisp |
| 14:20 | Archer |
| 14:50 | Marksmanship |
| 14:52 | Strength of the Moon |
| 14:53 | Well Spring |
| 15:07 | Force of Nature |
| 15:42 | Glaive Thrower |
| 15:54 | Improved Strength of the Moon |
| 15:55 | Ultravision |
| 15:57 | Archer |
| 16:02 | Scroll of Town Portal |
| 16:33 | Chimaera Roost |
| 18:33 | Entangling Roots |
| 19:00 | Wisp |
| 19:00 | Wisp |
| 19:00 | Wisp |
| 19:00 | Wisp |
| 19:01 | Ancient of Wind |
| 19:02 | Ancient of War |
| 19:23 | Wisp |
| 19:23 | Wisp |
| 19:23 | Wisp |
| 19:23 | Wisp |
| 19:23 | Wisp |
| 19:49 | Ancient of War |
| 20:10 | Tree of Life |
| 20:19 | Archer |
| 20:21 | Moon Armor |
| 20:22 | Advanced Strength of the Moon |
| 20:24 | Improved Moon Armor |
| 20:26 | Hippogryph |
| 20:34 | Ancient of Wonders |
| 21:00 | Archer |
| Right click | 1709 |
| Select | 631 |
| Select group | 266 |
| Build/train/purchase | 87 |
| Misc. action | 60 |
| Use ability | 35 |
| Assign group | 25 |
| Resource trade | 14 |
| Esc | 2 |
| Item give/drop | 1 |
158 units @ 24.3k
/ 3.3k
52 buildings @ 8.2k
/ 3k


| Rod of Necromancy | 2 | 300 |
| Potion of Healing | 2 | 300 |
| total: | 4 | 600g |
| Acolyte | 7 | 525 | / | 0 |
| Ghoul | 28 | 3360 | / | 0 |
| Necromancer | 11 | 1595 | / | 220 |
| Meat Wagon | 5 | 1150 | / | 250 |
| total: | 51 | 6630g | / | 470w |
| Spirit Tower | 1 | 145 | / | 40 |
| Crypt | 1 | 200 | / | 50 |
| Altar of Darkness | 1 | 180 | / | 50 |
| Ziggurat | 6 | 900 | / | 300 |
| Tomb of Relics | 1 | 130 | / | 30 |
| Graveyard | 1 | 215 | / | 0 |
| Temple of the Damned | 2 | 310 | / | 280 |
| Slaughterhouse | 1 | 140 | / | 135 |
| Halls of the Dead | 1 | 320 | / | 210 |
| Black Citadel | 1 | 325 | / | 230 |
| total: | 13 | 2075g | / | 845w |
| 0:05 | Acolyte |
| 0:09 | Crypt |
| 0:12 | Altar of Darkness |
| 0:15 | Ziggurat |
| 0:20 | Acolyte |
| 1:05 | Ziggurat |
| 1:10 | Ghoul |
| 1:21 | Ghoul |
| 1:40 | Tomb of Relics |
| 1:47 | Ghoul |
| 1:57 | Ziggurat |
| 2:00 | Ghoul |
| 2:16 | Vampiric Aura |
| 2:28 | Ghoul |
| 2:31 | Ghoul |
| 3:03 | Ghoul |
| 3:09 | Ghoul |
| 3:33 | Ghoul |
| 3:34 | Ghoul |
| 3:47 | Ghoul |
| 4:02 | Rod of Necromancy |
| 4:35 | Ghoul |
| 4:36 | Ghoul |
| 4:37 | Halls of the Dead |
| 4:46 | Sleep |
| 6:06 | Ghoul |
| 6:06 | Ghoul |
| 6:06 | Ghoul |
| 6:10 | Ziggurat |
| 6:35 | Vampiric Aura |
| 7:15 | Ghoul |
| 7:15 | Ghoul |
| 7:21 | Graveyard |
| 7:55 | Rod of Necromancy |
| 8:04 | Ghoul |
| 8:04 | Ghoul |
| 8:09 | Death Coil |
| 8:13 | Potion of Healing |
| 8:14 | Potion of Healing |
| 9:17 | Sleep |
| 9:58 | Ghoul |
| 9:58 | Ghoul |
| 10:01 | Temple of the Damned |
| 10:06 | Slaughterhouse |
| 10:09 | Acolyte |
| 10:57 | Temple of the Damned |
| 11:00 | Unholy Strength |
| 11:33 | Necromancer |
| 11:36 | Meat Wagon |
| 11:38 | Unholy Armor |
| 11:41 | Necromancer Adept Training |
| 12:26 | Necromancer |
| 12:29 | Necromancer |
| 12:31 | Skeletal Mastery |
| 13:08 | Ghoul |
| 13:08 | Ghoul |
| 13:13 | Acolyte |
| 13:14 | Acolyte |
| 13:34 | Acolyte |
| 13:37 | Spirit Tower |
| 14:14 | Meat Wagon |
| 14:19 | Ghoul |
| 14:20 | Ghoul |
| 14:51 | Ziggurat |
| 14:52 | Ziggurat |
| 15:32 | Unholy Aura |
| 15:59 | Necromancer |
| 15:59 | Necromancer |
| 16:00 | Exhume Corpses |
| 16:05 | Meat Wagon |
| 16:27 | Necromancer |
| 17:44 | Vampiric Aura |
| 17:53 | Death Coil |
| 19:23 | Black Citadel |
| 19:25 | Necromancer |
| 19:25 | Necromancer |
| 19:37 | Meat Wagon |
| 20:25 | Meat Wagon |
| 20:27 | Necromancer |
| 22:01 | Acolyte |
| 23:07 | Inferno |
| 24:38 | Necromancer |
| 24:38 | Necromancer |
| 24:50 | Ghoul |
| 24:50 | Ghoul |
| 25:08 | Unholy Aura |
| Right click | 663 |
| Select | 322 |
| Misc. action | 131 |
| Build/train/purchase | 100 |
| Select group | 62 |
| Use ability | 28 |
| Chat | 21 |
| Assign group | 16 |
| Resource trade | 4 |
| Remove unit | 3 |


| Rod of Necromancy | 1 | 150 |
| Potion of Mana | 1 | 200 |
| Orb of Corruption | 1 | 375 |
| Potion of Healing | 1 | 150 |
| Scroll of Town Portal | 2 | 700 |
| total: | 6 | 1575g |
| Acolyte | 2 | 150 | / | 0 |
| Ghoul | 4 | 480 | / | 0 |
| Crypt Fiend | 13 | 2795 | / | 520 |
| Obsidian Statue | 9 | 1800 | / | 315 |
| total: | 28 | 5225g | / | 835w |
| Nerubian Tower | 1 | 100 | / | 20 |
| Spirit Tower | 3 | 435 | / | 120 |
| Graveyard | 1 | 215 | / | 0 |
| Crypt | 2 | 400 | / | 100 |
| Altar of Darkness | 1 | 180 | / | 50 |
| Ziggurat | 6 | 900 | / | 300 |
| Tomb of Relics | 1 | 130 | / | 30 |
| Slaughterhouse | 1 | 140 | / | 135 |
| Halls of the Dead | 1 | 320 | / | 210 |
| Black Citadel | 1 | 325 | / | 230 |
| total: | 12 | 1965g | / | 615w |
| 0:03 | Acolyte |
| 0:08 | Graveyard |
| 0:14 | Crypt |
| 0:16 | Crypt |
| 0:18 | Altar of Darkness |
| 0:36 | Acolyte |
| 0:49 | Ziggurat |
| 1:04 | Tomb of Relics |
| 1:19 | Ghoul |
| 1:40 | Crypt Fiend |
| 1:53 | Ziggurat |
| 2:15 | Crypt Fiend |
| 2:33 | Nerubian Tower |
| 2:36 | Death Coil |
| 2:40 | Rod of Necromancy |
| 2:59 | Spirit Tower |
| 3:13 | Ziggurat |
| 3:37 | Crypt Fiend |
| 4:04 | Crypt Fiend |
| 4:36 | Crypt Fiend |
| 5:04 | Crypt Fiend |
| 5:27 | Crypt Fiend |
| 5:45 | Halls of the Dead |
| 6:25 | Ziggurat |
| 6:26 | Ghoul |
| 6:44 | Unholy Aura |
| 7:21 | Crypt Fiend |
| 7:34 | Crypt Fiend |
| 8:00 | Spirit Tower |
| 8:11 | Potion of Mana |
| 8:57 | Spirit Tower |
| 10:07 | Death Coil |
| 10:16 | Black Citadel |
| 10:19 | Slaughterhouse |
| 10:22 | Ghoul |
| 10:22 | Ghoul |
| 10:26 | Frost Nova |
| 11:25 | Ziggurat |
| 12:16 | Crypt Fiend |
| 12:17 | Obsidian Statue |
| 12:51 | Obsidian Statue |
| 12:52 | Creature Carapace |
| 13:02 | Frost Armor |
| 13:38 | Destroyer Form |
| 13:41 | Crypt Fiend |
| 13:42 | Web |
| 14:30 | Scroll of Town Portal |
| 14:31 | Orb of Corruption |
| 14:33 | Potion of Healing |
| 14:38 | Crypt Fiend |
| 15:07 | Crypt Fiend |
| 15:08 | Obsidian Statue |
| 15:45 | Unholy Aura |
| 17:41 | Frost Nova |
| 18:17 | Obsidian Statue |
| 18:51 | Obsidian Statue |
| 18:58 | Scroll of Town Portal |
| 19:19 | Obsidian Statue |
| 20:07 | Death Coil |
| 20:25 | Obsidian Statue |
| 21:48 | Obsidian Statue |
| 21:48 | Obsidian Statue |
| 22:22 | Ziggurat |
| 24:29 | Unholy Aura |
| 25:16 | Frost Nova |
| 25:16 | Frost Armor |
| Right click | 2232 |
| Select | 816 |
| Select group | 588 |
| Misc. action | 366 |
| Chat | 324 |
| Build/train/purchase | 98 |
| Use ability | 81 |
| Assign group | 29 |
| Resource trade | 4 |
| Minimap ping | 3 |
| Esc | 2 |


| Rod of Necromancy | 2 | 300 |
| Potion of Healing | 1 | 150 |
| Potion of Mana | 1 | 200 |
| Scroll of Town Portal | 2 | 700 |
| total: | 6 | 1350g |
| Acolyte | 5 | 375 | / | 0 |
| Ghoul | 4 | 480 | / | 0 |
| Crypt Fiend | 16 | 3440 | / | 640 |
| Frost Wyrm | 4 | 1540 | / | 480 |
| total: | 29 | 5835g | / | 1120w |
| Nerubian Tower | 1 | 100 | / | 20 |
| Spirit Tower | 1 | 145 | / | 40 |
| Graveyard | 1 | 215 | / | 0 |
| Crypt | 1 | 200 | / | 50 |
| Altar of Darkness | 1 | 180 | / | 50 |
| Ziggurat | 7 | 1050 | / | 350 |
| Tomb of Relics | 1 | 130 | / | 30 |
| Sacrificial Pit | 1 | 75 | / | 150 |
| Boneyard | 1 | 175 | / | 200 |
| Halls of the Dead | 1 | 320 | / | 210 |
| Black Citadel | 1 | 325 | / | 230 |
| total: | 13 | 2025g | / | 830w |
| 0:02 | Acolyte |
| 0:07 | Graveyard |
| 0:09 | Crypt |
| 0:12 | Acolyte |
| 0:29 | Altar of Darkness |
| 0:46 | Ziggurat |
| 1:10 | Ghoul |
| 1:19 | Tomb of Relics |
| 1:37 | Crypt Fiend |
| 1:51 | Ziggurat |
| 2:12 | Crypt Fiend |
| 2:34 | Rod of Necromancy |
| 2:37 | Death Coil |
| 2:52 | Crypt Fiend |
| 3:44 | Halls of the Dead |
| 3:46 | Crypt Fiend |
| 4:20 | Nerubian Tower |
| 4:52 | Crypt Fiend |
| 5:17 | Unholy Aura |
| 5:27 | Crypt Fiend |
| 5:48 | Crypt Fiend |
| 6:20 | Ziggurat |
| 7:21 | Frost Nova |
| 7:29 | Crypt Fiend |
| 7:38 | Death Coil |
| 7:47 | Crypt Fiend |
| 7:50 | Ziggurat |
| 8:01 | Rod of Necromancy |
| 8:06 | Potion of Healing |
| 8:06 | Potion of Mana |
| 8:47 | Crypt Fiend |
| 9:26 | Dark Ritual |
| 9:46 | Ghoul |
| 9:46 | Ghoul |
| 10:33 | Crypt Fiend |
| 11:06 | Black Citadel |
| 11:07 | Crypt Fiend |
| 11:28 | Frost Nova |
| 11:55 | Ziggurat |
| 11:56 | Creature Attack |
| 11:58 | Crypt Fiend |
| 12:49 | Sacrificial Pit |
| 12:51 | Creature Carapace |
| 12:56 | Crypt Fiend |
| 14:24 | Unholy Aura |
| 14:27 | Boneyard |
| 14:31 | Crypt Fiend |
| 14:32 | Crypt Fiend |
| 14:59 | Acolyte |
| 15:01 | Ziggurat |
| 15:01 | Ziggurat |
| 15:04 | Ghoul |
| 16:01 | Frost Wyrm |
| 16:04 | Improved Creature Attack |
| 16:22 | Scroll of Town Portal |
| 16:45 | Spirit Tower |
| 17:18 | Acolyte |
| 17:19 | Acolyte |
| 17:23 | Web |
| 17:47 | Scroll of Town Portal |
| 19:04 | Frost Wyrm |
| 20:34 | Freezing Breath |
| 20:35 | Improved Creature Carapace |
| 21:08 | Frost Wyrm |
| 22:39 | Death Coil |
| 22:58 | Frost Armor |
| 24:22 | Animate Dead |
| 24:47 | Frost Wyrm |
| Right click | 1079 |
| Select group | 337 |
| Select | 265 |
| Misc. action | 77 |
| Build/train/purchase | 68 |
| Use ability | 45 |
| Chat | 40 |
| Assign group | 32 |
| Item give/drop | 4 |
| Minimap ping | 3 |


| Potion of Healing | 2 | 300 |
| Potion of Mana | 1 | 200 |
| total: | 3 | 500g |
| Peon | 6 | 450 | / | 0 |
| Troll Headhunter | 19 | 2660 | / | 380 |
| Troll Berserker | 25 | 3500 | / | 500 |
| total: | 50 | 6610g | / | 880w |
| Watch Tower | 3 | 330 | / | 240 |
| Altar of Storms | 1 | 180 | / | 50 |
| Orc Burrow | 6 | 960 | / | 240 |
| War Mill | 1 | 205 | / | 0 |
| Voodoo Lounge | 1 | 130 | / | 30 |
| Barracks | 2 | 360 | / | 100 |
| Stronghold | 1 | 315 | / | 190 |
| Fortress | 1 | 325 | / | 190 |
| total: | 14 | 2165g | / | 660w |
| 0:03 | Peon |
| 0:23 | Altar of Storms |
| 0:29 | Peon |
| 0:41 | Orc Burrow |
| 0:51 | Peon |
| 1:10 | War Mill |
| 1:13 | Peon |
| 1:49 | Voodoo Lounge |
| 2:04 | Peon |
| 2:28 | Peon |
| 2:50 | Barracks |
| 3:02 | Watch Tower |
| 3:09 | Feral Spirit |
| 3:21 | Watch Tower |
| 4:45 | Stronghold |
| 4:47 | Troll Headhunter |
| 4:47 | Troll Headhunter |
| 4:47 | Troll Headhunter |
| 4:52 | Chain Lighting |
| 5:49 | Troll Headhunter |
| 5:57 | Orc Burrow |
| 6:37 | Watch Tower |
| 6:52 | Troll Headhunter |
| 6:52 | Troll Headhunter |
| 6:58 | Orc Burrow |
| 7:06 | Barracks |
| 7:22 | Orc Burrow |
| 7:24 | Fortress |
| 7:28 | Troll Regeneration |
| 7:30 | Troll Headhunter |
| 7:48 | Orc Burrow |
| 7:56 | Troll Headhunter |
| 8:05 | Potion of Healing |
| 8:20 | Orc Burrow |
| 8:21 | Troll Headhunter |
| 8:33 | Troll Headhunter |
| 8:47 | Troll Headhunter |
| 8:52 | Troll Headhunter |
| 11:05 | Berserker Upgrade |
| 11:06 | Troll Headhunter |
| 11:07 | Troll Headhunter |
| 11:10 | Troll Headhunter |
| 11:10 | Troll Headhunter |
| 11:10 | Troll Headhunter |
| 11:29 | Troll Headhunter |
| 11:30 | Troll Headhunter |
| 11:50 | Troll Berserker |
| 11:52 | Troll Berserker |
| 11:55 | Troll Berserker |
| 12:19 | Potion of Healing |
| 12:20 | Potion of Mana |
| 12:46 | Troll Berserker |
| 12:48 | Troll Berserker |
| 12:52 | Steel Ranged Weapons |
| 13:17 | Troll Berserker |
| 13:19 | Troll Berserker |
| 14:38 | Troll Berserker |
| 14:40 | Troll Berserker |
| 14:43 | Thorium Ranged Weapons |
| 15:57 | Troll Berserker |
| 15:58 | Troll Berserker |
| 18:09 | Troll Berserker |
| 18:09 | Troll Berserker |
| 18:11 | Troll Berserker |
| 18:11 | Troll Berserker |
| 18:11 | Troll Berserker |
| 18:12 | Troll Berserker |
| 18:13 | Troll Berserker |
| 19:02 | Troll Berserker |
| 19:04 | Troll Berserker |
| 19:05 | Troll Berserker |
| 19:09 | Healing Wave |
| 19:17 | Troll Berserker |
| 19:20 | Troll Berserker |
| 20:35 | Troll Berserker |
| 20:37 | Troll Berserker |
| 23:13 | Feral Spirit |
| 23:14 | Chain Lighting |
| Right click | 1466 |
| Select | 320 |
| Chat | 234 |
| Build/train/purchase | 91 |
| Use ability | 17 |
| Resource trade | 12 |
| Minimap ping | 6 |
| Remove unit | 1 |
⇛